 Seeded DCSS version 0.30-a0-696-g2367cd04db (webtiles) character file.

Game seed: 5430720872467839093 (custom seed)

134 valliere the Ruffian (level 4, -1/36 HPs)
             Began as a Draconian Transmuter on Jan 20, 2023.
             Slain by a gnoll
             ... wielding a +0 club
              (3 damage)
             ... on level 3 of the Dungeon.
             The game lasted 00:02:46 (1837 turns).

valliere the Ruffian (Draconian Transmuter)         Turns: 1837, Time: 00:02:47

Health: -1/36      AC:  5    Str: 23    XL:     4   Next: 95%
Magic:  7/7        EV: 17    Int: 13    God:
Gold:   1204       SH:  0    Dex: 11    Spells: 7/8 levels left

rFire   . . .      SeeInvis .      - Unarmed
rCold   . . .      Faith    +    (no shield)
rNeg    . . .      Spirit   .    (body armour unavailable)
rPois   .          Reflect  .    (helmet restricted)
rElec   .          Harm     .    (no cloak)
rCorr   .          Rampage  .    (no gloves)
Will    .....                    (no boots)
Stlth   ++                       r - amulet "Leriorelu" {Faith Stlth+}
HPRegen 0.26/turn                j - +6 ring of strength
MPRegen 0.10/turn                q - ring of the Nurturing Pariah {EV+5 Str+2}

@: no status effects
A: AC +5, unfitting armour, cold-blooded
a: no special abilities


You were on level 3 of the Dungeon.
You visited 1 branch of the dungeon, and saw 3 of its levels.

You collected 1204 gold pieces.

Inventory:

Jewellery
 j - a +6 ring of strength (left hand)
 m - a ring of protection from cold
 q - the ring of the Nurturing Pariah (right hand) {EV+5 Str+2}
   (You acquired it on level 2 of the Dungeon)

   [ring of evasion]

   EV:        It affects your evasion (+5).
   Str:       It affects your strength (+2).
 r - the amulet "Leriorelu" (around neck) {Faith Stlth+}
   (You acquired it on level 2 of the Dungeon)

   [amulet of faith]

   It allows you to gain divine favour quickly.
   Stlth:     It makes you more stealthy.
Scrolls
 c - a scroll of teleportation {unknown}
 e - 3 scrolls of amnesia {unknown}
 g - 2 scrolls of noise {unknown}
 h - a scroll of identify {unknown}
 i - a scroll of torment {unknown}
 k - a scroll of brand weapon {unknown}
 l - a scroll of acquirement
 n - a scroll of fog {unknown}
 o - a scroll of immolation {unknown}
 p - a scroll of enchant armour {unknown}
 s - a scroll of poison {unknown}
Potions
 a - a potion of lignification
 b - a potion of mutation {unknown}
 d - a potion of attraction {unknown}
 f - 2 potions of curing {unknown}
 t - a potion of degeneration {unknown}


   Skills:
 + Level 2.1 Fighting
 + Level 2.3 Dodging
 * Level 4.0 Unarmed Combat
 + Level 2.5 Spellcasting
 * Level 3.1 Transmutations


You had 7 spell levels left.
You knew the following spells:

 Your Spells              Type           Power      Damage    Failure   Level
a - Beastly Appendage     Tmut           18%        N/A       7%          1

Your spell library contained the following spells:

 Spells                   Type           Power      Damage    Failure   Level
 Wereblood                Tmut           9%         N/A       10%         2
 Spider Form              Tmut/Pois      5%         N/A       36%         3
 Ice Form                 Ice/Tmut       5%         N/A       77%         4


Dungeon Overview and Level Annotations

Branches:
Dungeon (3/15)

Altars:

Shops:
D:2 ?


Innate Abilities, Weirdness & Mutations

Your plain brown scales are hard. (AC +5)
You cannot fit into any form of body armour.
You are cold-blooded and may be slowed by cold attacks.


Message History

The gnoll moves out of view.
You barely miss the frilled lizard.
Your tail-slap misses the frilled lizard.
The frilled lizard closely misses you.
You punch the frilled lizard!
You kill the frilled lizard!
The gnoll misses you.
The gnoll hits you from afar with a +0 spear.
You hit the gnoll.
Your tail-slap misses the gnoll.
The gnoll is lightly wounded.
The gnoll hits you with a +0 spear.
The gnoll hits you from afar with a +0 spear.
You hit the gnoll.
The gnoll is moderately wounded.
The gnoll closely misses you. The gnoll barely misses you.
The gnoll hits you from afar with a +0 spear.
You closely miss the gnoll.
You tail-slap the gnoll, but do no damage.
The gnoll is moderately wounded.
The gnoll hits you with a +0 spear.
The gnoll throws a throwing net.
The throwing net hits you.
You become entangled in the net!
The gnoll closely misses you.
The gnoll hits you from afar with a +0 spear.
Unknown command.
You struggle against the net.
The gnoll barely misses you. The gnoll hits you but does no damage.
The gnoll hits you from afar with a +0 spear.
You struggle against the net.
The gnoll barely misses you. The gnoll hits you with a +0 club. x2
* * * LOW HITPOINT WARNING * * *
The gnoll hits you from afar with a +0 spear.
* * * LOW HITPOINT WARNING * * *
Okay, then.
You struggle against the net.
The gnoll barely misses you. The gnoll hits you with a +0 club.
* * * LOW HITPOINT WARNING * * *
The gnoll barely misses you. The gnoll closely misses you.
You rip the net and break free!
The gnoll closely misses you. x2
The gnoll hits you with a +0 club.
You die...

#. #.# #.#.†.##
#.#####.##..#..##
#..##.(....##..###
#..###.......##.......#
#.......#..####.#####..
# ####...## # ##.
#..####.### ##
#.....g...# #
#...##@g#..# # #.
##g##.# # #g# g# #B. .
#... . ..... BS .....
......


You could see 4 gnolls and a giant cockroach.

Vanquished Creatures
  A necrophage (D:2)
  3 gnolls (D:2)
  An adder (D:2)
  3 bats
  5 endoplasms
  2 hobgoblins
  4 jackals (D:1)
  5 kobolds
  2 quokkas (D:1)
  3 ball pythons
  2 frilled lizards
  4 goblins
  3 rats
38 creatures vanquished.

Notes
Turn   | Place    | Note
-------+----------+-------------------------------------------
     0 | D:1      | valliere the Draconian Transmuter began the quest for the
                  | Orb.
     0 | D:1      | Reached XP level 1. HP: 16/16 MP: 3/3
   167 | D:1      | Reached XP level 2. HP: 23/23 MP: 5/5
  1044 | D:2      | Reached XP level 3. HP: 24/28 MP: 6/6
  1192 | D:2      | Noticed a necrophage
  1200 | D:2      | Killed a necrophage
  1201 | D:2      | Reached XP level 4. HP: 36/36 MP: 5/7
  1354 | D:2      | Reached skill level 4 in Unarmed Combat
  1621 | D:2      | Found Doddoiw's Magic Scroll Shoppe.
  1629 | D:2      | Identified 4 scrolls of acquirement
  1629 | D:2      | Acquired 1102 gold pieces
  1631 | D:2      | Acquired the ring of the Nurturing Pariah {EV+5 Str+2}
  1635 | D:2      | Acquired the amulet "Leriorelu" {Faith Stlth+}
  1716 | D:3      | Found a faded altar of an unknown god.
  1837 | D:3      | Slain by a gnoll

Illustrated notes

Levels and vault maps discovered:
D:1:      dpeg_arrival_boxes_within_box, layout_basic
D:2:      layout_loops_ring, serial_shops, shop, nicolae_kite_square_tiling_tiny
D:3:      layout_rooms, okawaru_metal_pillars_3, ebering_ecumenical_altar_rust

Skill      XL: |  1  2  3  4 |
---------------+-------------+-----
Dodging        | 2 |  2.3
Transmutations | 3 |  3.1
Fighting       | 2 |  2.1
Unarmed Combat | 4 |  4.0
Spellcasting   | |  2.5

Action                   |  1- 3 |  4- 6 || total
-------------------------+-------+-------++-------
Melee: Unarmed           |    77 |    26 ||   103
       Tailslap          |     7 |     3 ||    10
       Headbutt          |     6 |     2 ||     8
       Kick              |     4 |     5 ||     9
 Cast: Beastly Appendage |     2 |     2 ||     4
  Use: Scroll            |       |     3 ||     3
 Stab: Sleeping          |     1 |     2 ||     3
Armor: Skin              |    35 |     3 ||    38
Dodge: Dodged            |    75 |    21 ||    96

Table legend: (Time is in decaauts)
 A = Elapsed time spent in this place.
 B = Non-inter-level travel time spent in this place.
 C = Inter-level travel time spent in this place.
 D = Time resting spent in this place.
 E = Time spent auto-exploring this place.
 F = Levels seen in this place.
 G = Mean time per level.
                   A        B        C        D        E       F      G
               +--------+--------+--------+--------+--------+-----+--------+
         Total |   1828 |   1731 |     97 |      0 |   1471 |   3 |  609.3 |
       Dungeon |   1828 |   1731 |     97 |      0 |   1471 |   3 |  609.3 |
               +--------+--------+--------+--------+--------+-----+--------+

Top non-repeatable levels by time:
     D:1: 978 daAuts
     D:2: 692 daAuts
     D:3: 158 daAuts
